Map: Colonisation EC

Players

zuka - Winner!

  • Race: Protoss Protoss
  • League: Master

pitivier

  • Race: Zerg Zerg
  • League: Master

VOD

Have the link to the VOD?

Description

Time

  • Played on: April 29, 2016, 3:44 p.m.
  • Length: 7:21
Show
View Real Time Build Order
Export as new Build Order

zuka Protoss - Winner!

Build Orders: 1 Gate Expand 

Get SALT Encoding   

  12  0:01  Probe (Chrono Boost)  
  13  0:11  Probe (Chrono Boost)  
  14  0:21  Pylon  
  14  0:22  Probe (Chrono Boost)  
  15  0:39  Probe (Chrono Boost)  
  15  0:41  Gateway  
  16  0:48  Assimilator  
  17  0:50  Probe (Chrono Boost)  
  17  1:00  Probe (Chrono Boost)  
  17  1:01  Pylon  
  18  1:11  Probe (Chrono Boost)  
  19  1:21  Probe (Chrono Boost)  
  20  1:31  Nexus  
  20  1:42  Cybernetics Core  
  20  1:45  Probe (Chrono Boost)  
  21  1:52  Pylon  
  21  1:59  Zealot (Chrono Boost)  
  23  2:06  Assimilator  
  23  2:10  Probe  
  23  2:23  Probe  
  23  2:24  Adept (Chrono Boost)  
  23  2:25  Warp Gate  
  26  2:35  Probe  
  27  2:44  Robotics Facility  
  27  2:47  Probe x2  
  31  2:51  Sentry (Chrono Boost)  
  31  2:57  Probe  
  31  2:59  Probe  
  31  3:05  Pylon  
  33  3:10  Mothership Core  
  33  3:11  Probe  
  36  3:23  Probe  
  37  3:30  Adept (Chrono Boost), Probe  
  38  3:35  Probe  
  38  3:36  Immortal (Chrono Boost)  
  43  3:42  Probe  
  43  3:44  Pylon  
  43  3:47  Pylon  
  44  3:50  Probe  
  45  3:56  Gateway  
  45  4:00  Gateway  
  45  4:02  Probe  
  46  4:03  Sentry  
  46  4:04  Probe  
  49  4:15  Immortal (Chrono Boost)  
  53  4:18  Probe  
  53  4:20  Probe  
  55  4:30  Assimilator  
  55  4:31  Probe (Chrono Boost)  
  56  4:33  Gateway  
  56  4:45  Gateway, Warp Prism  
  56  4:46  Pylon  
  58  4:53  Probe (Chrono Boost)  
  58  4:54  Probe (Chrono Boost)  
  58  4:55  Sentry  
  62  5:05  Probe (Chrono Boost)  
  62  5:06  Probe (Chrono Boost)  
  64  5:07  Gateway  
  64  5:11  Stalker  
  66  5:15  Stalker  
  68  5:22  Pylon, Gateway  
  68  5:25  Pylon  
  68  5:28  Sentry  
  70  5:34  Pylon  
  70  5:42  Sentry x2  
  72  5:43  Stalker x2  
  72  5:44  Pylon  
  72  5:49  Observer  
  79  6:09  Zealot x3  
  79  6:10  Zealot x2  
  77  6:34  Zealot x3  
  77  6:35  Zealot x4  
  85  6:59  Stalker x2  
  85  7:00  Stalker x5  
Show
View Real Time Build Order
Export as new Build Order

pitivier Zerg 

Build Orders: Pool First 

Get SALT Encoding   

  12  0:01  Drone  
  13  0:13  Overlord  
  13  0:19  Drone  
  14  0:33  Drone x2  
  16  0:36  Drone  
  17  1:01  Extractor, Spawning Pool  
  15  1:22  Drone x3  
  18  1:36  Drone  
  19  1:44  Hatchery  
  18  1:48  Queen  
  18  1:50  Zergling x2  
  21  1:56  Overlord  
  21  2:03  Metabolic Boost  
  21  2:07  Zergling x2  
  22  2:22  Zergling x2  
  23  2:25  Queen  
  25  2:33  Drone  
  26  2:50  Zergling x4  
  28  2:58  Hatchery  
  26  2:59  Queen  
  28  3:09  Zergling x8  
  28  3:12  Drone  
  33  3:34  Drone x2  
  34  3:36  Overlord  
  35  4:03  Drone x2  
  35  4:05  Roach Warren  
  36  4:12  Zergling x2  
  36  4:13  Zergling x14, Spine Crawler  
  43  4:25  Drone x4  
  47  4:37  Drone x2  
  47  4:38  Drone  
  50  4:52  Overlord x2  
  50  5:06  Overlord  
  50  5:07  Overlord  
  50  5:13  Roach x3  
  50  5:14  Roach x2  
  60  5:17  Drone  
  60  5:18  Drone x2  
  63  5:40  Ravager x5  
  63  5:42  Drone x5  
  73  5:43  Drone  
  73  6:06  Overlord x2  
  57  6:33  Roach  
  57  6:34  Roach x8  
  61  6:56  Roach  
  61  6:57  Roach  
  61  6:58  Zergling x2  
  61  6:59  Zergling x20  
Tags
 
Add a new tag
Caveats
  • Supply blocks, unpowered buildings, or Contaminate may cause inaccurate times.
  • Supply counts are checked every 10 seconds.